 Dungeon Crawl Stone Soup version 0.31-a0-232-gb1c03b2570 (webtiles) character file.

Game seed: 11162836025618345085

51 qw the Shooter (level 3, 0/21 HPs)
             Began as a Gargoyle Hexslinger on July 6, 2023.
             Slain by Natasha (8 damage)
             ... on level 3 of the Dungeon.
             The game lasted 00:00:31 (1622 turns).

qw the Shooter (Gargoyle Hexslinger)                Turns: 1622, Time: 00:00:32

Health: 0/21       AC:  5    Str: 11    XL:     3   Next: 83%
Magic:  4/4        EV: 12    Int: 13    God:
Gold:   102        SH:  5    Dex: 14    Spells: 3/4 levels left

rFire   . . .        Y - +1 sling
rCold   . . .        (no shield)
rNeg    + . .        c - +0 robe
rPois   inf          (no helmet)
rElec   +            (no cloak)
rCorr   .            (no gloves)
SInv    .            (no boots)
Will    .....        d - amulet of reflection
Stlth   +            (no ring)
HPRegen 0.23/turn    (no ring)
MPRegen 0.09/turn

%: reflection
@: no status effects
A: sickness immunity, AC +3, negative energy resistance 1, electricity
resistance, torment resistance 1, petrification resistance
a: no special abilities


You were on level 3 of the Dungeon.
You visited 1 branch of the dungeon, and saw 3 of its levels.

You collected 102 gold pieces.


Innate Abilities, Weirdness & Mutations

You are immune to sickness and miasma.
Your stone body is resilient. (AC +3)
You are immune to poison.
You resist negative energy. (rN+)
You are resistant to electric shocks. (rElec)
You are resistant to unholy torment.
You are immune to petrification.


   Skills:
 - Level 2.0 Fighting
 + Level 3.6 Ranged Weapons
 - Level 1.5 Dodging
 - Level 1.0 Spellcasting
 - Level 2.6 Hexes


You had 3 spell levels left.
You knew the following spells:

 Your Spells              Type           Power      Damage    Failure   Level
a - Slow                  Hex            28%        N/A       10%         1

Your spell library contained the following spells:

 Spells                   Type           Power      Damage    Failure   Level
 Inner Flame              Hex/Fire       4%         N/A       43%         3
 Portal Projectile        Hex/Tloc       8%         N/A       43%         3
 Cause Fear               Hex            3%         N/A       67%         4

Inventory:

Hand Weapons
 Y - a +1 sling (weapon)
Armour
 c - a +0 robe (worn)
Jewellery
 d - an amulet of reflection (around neck)
Potions
 f - a potion of degeneration {unknown}
 g - a potion of enlightenment {unknown}
 h - a potion of cancellation {unknown}

Dungeon Overview and Level Annotations

Branches:
Dungeon (3/15)

Altars:

Shops:
D:1 (:(

Annotations:
D:2 1 runed translucent door, Crazy Yiuf
D:3 Natasha


Message History

There is a stone staircase leading down here.
You climb downwards.
You hear the sound of rushing water.
There is an entrance to a sewer on this level.
Hurry and find it before the portal rusts away!
There is a stone staircase leading up here.
Waypoint 2 assigned to D:3.
1601 ||| PLANNING SEWER
Found 6 stones.
You see here 6 stones.
Natasha, Servant of Life and Death comes into view.
Found a scroll labelled ZUPRIX DIL.
You shoot a sling bullet. The sling bullet hits Natasha.
Natasha hisses angrily.
Natasha is lightly wounded.
You shoot a sling bullet.
The sling bullet hits Natasha but does no damage.
Natasha is lightly wounded.
You shoot a sling bullet.
The sling bullet closely misses Natasha.
Natasha mumbles some strange words.
1617 ||| Stepping ~*~*~tactically~*~*~ (outnumbered).
You block the cerulean imp's attack.
Natasha stares at you and mumbles some strange words.
You resist with significant effort.
You shoot a sling bullet.
The sling bullet barely misses the cerulean imp.
The cerulean imp hits you with a +1 spear.
You shoot a sling bullet. The sling bullet hits Natasha.
Natasha is moderately wounded.
The cerulean imp hits you with a +1 spear.
Natasha claws you.
You shoot a sling bullet.
The sling bullet closely misses Natasha.
The cerulean imp closely misses you.
Natasha stares at you and mumbles some strange words.
You resist with significant effort. The cerulean imp barely misses you.
You shoot a sling bullet. The sling bullet hits Natasha.
Natasha is severely wounded.
Natasha claws you. The cerulean imp barely misses you. Natasha claws you!
You die...

#.. #.. #.# ..# #.#
#.. ..# #.# #.#
..## #.# #.. ?..
#.# #.###..# #.#
#.#.#..#
#.######.#.#5.###..
#....(.....@h......
#.##########.######
#<# .# #.# .# #.#
.# #.# .# #.# .#
#.# .# #.#


You could see Natasha and a cerulean imp (summoned).

Vanquished Creatures
  2 adders (D:2)
  A worm (D:2)
  5 ball pythons
  3 endoplasms
  3 giant cockroaches (D:2)
  2 hobgoblins
  2 jackals (D:1)
  A quokka (D:1)
  2 bats (D:1)
  2 goblins
  3 kobolds
  4 rats (D:1)
30 creatures vanquished.

Notes
Turn   | Place    | Note
-------+----------+-------------------------------------------
     0 | D:1      | qw the Gargoyle Hexslinger began the quest for the Orb.
     0 | D:1      | Reached XP level 1. HP: 12/12 MP: 2/2
     0 | D:1      | 0 ||| qw: Version: 0.3-a-46-gb1f654a
     0 | D:1      | 0 ||| qw: Game counter: 2138
     0 | D:1      | 0 ||| qw: Melee chars always use a shield: true
     0 | D:1      | 0 ||| qw: God list: Okawaru
     0 | D:1      | 0 ||| qw: Allow faded altars: false
     0 | D:1      | 0 ||| qw: Do Orc after clearing Dungeon:15 true
     0 | D:1      | 0 ||| qw: Do second Lair branch before Depths: true
     0 | D:1      | 0 ||| qw: Lair rune preference: random
     0 | D:1      | 0 ||| qw: Goals: Normal
     0 | D:1      | 0 ||| PLANNING D:1-11
   124 | D:1      | Reached XP level 2. HP: 15/16 MP: 3/3
   309 | D:1      | Reached skill level 3 in Ranged Weapons
   406 | D:1      | Found a faded altar of an unknown god.
   460 | D:1      | Found Huwetot's Book Shoppe.
   603 | D:1      | Found Ziurghora's Weapon Emporium.
   785 | D:1      | Found Pejen's Weapon Boutique.
   801 | D:1      | 801 ||| UPGRADING to amulet of reflection.
   806 | D:1      | 806 ||| DROPPING +6 ring of intelligence.
   807 | D:1      | 807 ||| DRINKING 2 fuming emerald potions.
   833 | D:1      | 833 ||| DROPPING scroll of poison.
   834 | D:1      | 834 ||| DROPPING potion of lignification.
   895 | D:2      | 895 ||| FLEEEEING.
   896 | D:2      | 896 ||| FLEEEEING.
   897 | D:2      | 897 ||| FLEEEEING.
   898 | D:2      | 898 ||| FLEEEEING.
   902 | D:2      | 902 ||| FLEEEEING.
   903 | D:2      | 903 ||| FLEEEEING.
   904 | D:2      | 904 ||| FLEEEEING.
   907 | D:2      | 907 ||| FLEEEEING.
   927 | D:2      | Reached XP level 3. HP: 21/21 MP: 4/4
  1353 | D:2      | Found a runed translucent door.
  1354 | D:2      | Noticed Crazy Yiuf
  1550 | D:2      | 1550 ||| READING scroll labelled QIGGIUCAWA.
  1551 | D:2      | 1551 ||| READING scroll labelled NISISI EMEFFI.
  1601 | D:3      | 1601 ||| PLANNING SEWER
  1613 | D:3      | Noticed Natasha
  1617 | D:3      | 1617 ||| Stepping ~*~*~tactically~*~*~ (outnumbered).
  1622 | D:3      | Slain by Natasha

Levels and vault maps discovered:
D:1:      onia_arrival_mini_maze, layout_basic,
          shapermc_ecumenical_altar_ellora, serial_shops,
          nicolae_shop_hallway_stairs, nicolae_shop_bloodbath_and_beyond,
          nicolae_shop_pleasant_corner_grove
D:2:      wander_river, layout_basic, nicolae_concentric_dashed_squares_wild,
          dk_vineyard_3, uniq_crazy_yiuf_cottage
D:3:      layout_loops_ring, old_standard_altar, gup_sewer_entry_glass,
          minmay_misc_feat_nine_boxes, nicolae_grassy_gnolls, uniq_sigmund,
          uniq_natasha, uniq_terence

Skill      XL: |  1  2 |
---------------+-------+-----
Ranged Weapons | 3 |  3.6
Fighting       | 2 |  2.0
Dodging        | |  1.5
Spellcasting   | |  1.0
Hexes          | |  2.6

Action                     || total
---------------------------++-------
   Fire: Sling             ||   119
    Use: Potion            ||     1
         Scroll            ||     2
 Armour: Robe              ||    22
  Dodge: Dodged            ||    45
  Block: Other             ||     9

Table legend:
 A = Non-vault XP
 B = Vault XP
 C = Vault XP percentage of total XP
 D = Non-vault monster count
 E = Vault monster count
 F = Vault count percentage of total count
                 A         B        C        D         E       F
            +---------+---------+-------+---------+---------+-------
      Total |      73 |       1 |   1.4 |      29 |       1 |   3.3
            +---------+---------+-------+---------+---------+-------
        D:1 |      25 |       1 |   3.8 |      17 |       1 |   5.6
        D:2 |      48 |       0 |   0.0 |      12 |       0 |   0.0
            +---------+---------+-------+---------+---------+-------
